 Dungeon Crawl Stone Soup version 0.28-a0-178-ga708605c5b (webtiles) character file.

Game seed: 1483269714006421085

145 theanonym the Skirmisher (level 5, -4/42 HPs)
             Began as a Mummy Brigand on Aug 18, 2021.
             Slain by a bullfrog (6 damage)
             ... in a sewer.
             The game lasted 00:05:31 (2688 turns).

theanonym the Skirmisher (Mummy Brigand)            Turns: 2688, Time: 00:05:32

Health: -4/42      AC: 10    Str: 15    XL:     5   Next: 6%
Magic:  5/5        EV:  3    Int: 10    God:
Gold:   111        SH:  0    Dex: 14    Spells: 4/4 levels left

rFire   x . .      SeeInvis .   a - +0 mace
rCold   + . .      Faith    .   (no shield)
rNeg    + + +      Spirit   .   b - +0 chain mail
rPois   ∞          Reflect  .   (no helmet)
rElec   .          Harm     .   c - +1 cloak
rCorr   .          Rampage  .   (no gloves)
Will    .....                   (no boots)
Stlth   ..........              e - amulet of regeneration
HPRegen 1.14/turn               (no ring)
MPRegen 0.09/turn               (no ring)

@: silenced, constricted
A: cold resistance 1, negative energy resistance 3, torment resistance 2, heat
vulnerability 1, no potions
a: no special abilities


Innate Abilities, Weirdness & Mutations

You are immune to poison.
Your flesh is cold resistant. (rC+)
You are immune to negative energy. (rN+++)
You are immune to unholy pain and torment.
You are vulnerable to heat. (rF-)
You do not drink.


   Skills:
 + Level 3.7 Fighting
 - Level 1.5 Short Blades
 * Level 2.9 Maces & Flails
 - Level 1.5 Throwing
 - Level 0.7 Dodging
 - Level 3.2 Stealth


You had 4 spell levels left.
You didn't know any spells.
Your spell library contained the following spells:

 Spells                   Type           Power      Damage    Failure   Level
 Magic Dart               Conj           0%         1d3       100%        1
 Searing Ray              Conj           0%         3d3       100%        2
 Fulminant Prism          Conj/Hex       0%         3d6       100%        4

Skill      XL: |  1  2  3 |
---------------+----------+-----
Maces & Flails | 1 2 |  2.9
Fighting       | 3 |  3.7
Short Blades   | |  1.5
Throwing       | |  1.5
Dodging        | |  0.7
Stealth        | |  3.2

Action                   |  1- 3 |  4- 6 || total
-------------------------+-------+-------++-------
Melee: Dagger            |   103 |       ||   103
       Club              |     4 |       ||     4
       Mace              |    85 |   103 ||   188
Throw: Dart              |       |     5 ||     5
  Use: Scroll            |     5 |     3 ||     8
 Stab: Sleeping          |     3 |       ||     3
Armor: Robe              |     4 |       ||     4
       Ring mail         |    10 |       ||    10
       Scale mail        |    12 |       ||    12
       Chain mail        |    57 |    97 ||   154
Dodge: Dodged            |    64 |    62 ||   126

Inventory:

Hand Weapons
 a - a +0 mace (weapon)
Missiles
 d - 6 poisoned darts (quivered)
 h - a curare-tipped dart
Armour
 b - a +0 chain mail (worn)
 c - a +1 cloak (worn)
Jewellery
 e - an amulet of regeneration (around neck)
Scrolls
 f - 2 scrolls of fog
 y - a scroll of magic mapping You were in a sewer. You visited 1 branch of the dungeon, and saw 3 of its levels. You also visited: Sewer. You collected 111 gold pieces.

Dungeon Overview and Level Annotations

Branches:
Dungeon (3/15)              Sewer (1/1)

Altars:

###################
.≈≈≈≈≈≈≈≈≈≈≈≈≈≈≈#.###
S≈≈≈≈≈≈..≈≈≈≈≈≈≈....##
S≈≈≈≈≈≈≈≈≈≈≈≈≈≈SS....#
F#≈≈≈≈≈≈≈≈≈≈≈(SF@.†..#
.≈≈≈≈≈≈≈≈≈≈≈≈S≈F†....##
.≈≈≈≈≈≈≈≈≈≈≈≈≈S≈......#
##################....#
####...## #!!#....#
#!!'....# #####...#
##...##


You could see 2 bullfrogs, 2 adders, 2 ball pythons and a friendly adder
(summoned).

Notes
Turn   | Place    | Note
-------+----------+-------------------------------------------
     0 | D:1      | theanonym the Mummy Brigand began the quest for the Orb.
     0 | D:1      | Reached XP level 1. HP: 16/16 MP: 1/1
    54 | D:1      | HP: 8/16 [hobgoblin (3)]
   519 | D:1      | HP: 7/17 [kobold (3)]
   716 | D:1      | Reached XP level 2. HP: 23/23 MP: 2/2
   805 | D:1      | HP: 11/23 [ball python (3)]
  1133 | D:1      | Reached skill level 1 in Maces & Flails
  1508 | D:2      | Reached XP level 3. HP: 25/28 MP: 3/3
  1729 | D:2      | Reached skill level 3 in Fighting
  1736 | D:2      | Found a faded altar of an unknown god.
  2221 | D:3      | Reached skill level 2 in Maces & Flails
  2222 | D:3      | Found a glowing drain.
  2229 | Sewer    | Entered a sewer
  2302 | Sewer    | Reached XP level 4. HP: 27/35 MP: 4/4
  2619 | Sewer    | Reached XP level 5. HP: 42/42 MP: 5/5
  2682 | Sewer    | HP: 20/42 [adder (3)]
  2684 | Sewer    | HP: 9/42 [bullfrog (3)]
  2687 | Sewer    | HP: 3/42 [bullfrog (5)]
  2687 | Sewer    | HP: 1/42 [adder (2)]
  2688 | Sewer    | Slain by a bullfrog

Vanquished Creatures
  3 adders
  5 river rats (Sewer)
  A worm (D:3)
  An orc (D:3)
  5 endoplasms
  3 giant cockroaches
  8 goblins
  4 hobgoblins
  4 jackals (D:3)
  7 kobolds
  2 quokkas
  10 ball pythons
  A bat (D:2)
  A frilled lizard (Sewer)
  27 rats
82 creatures vanquished.

Vanquished Creatures (collateral kills)
  2 adders (Sewer)
2 creatures vanquished.

Vanquished Creatures (others)
  A fungus (D:2)
  8 plants (D:2)
9 creatures vanquished.

Grand Total: 93 creatures vanquished

Table legend: (Time is in decaauts)
 A = Elapsed time spent in this place.
 B = Non-inter-level travel time spent in this place.
 C = Inter-level travel time spent in this place.
 D = Time resting spent in this place.
 E = Time spent auto-exploring this place.
 F = Levels seen in this place.
 G = Mean time per level.
                   A        B        C        D        E       F      G
               +--------+--------+--------+--------+--------+-----+--------+
         Total |   2827 |   2536 |    291 |    684 |   1114 |   4 |  706.8 |
       Dungeon |   2259 |   1968 |    291 |    661 |    910 |   3 |  753.0 |
         Sewer |    568 |    568 |      0 |     23 |    204 |   1 |  568.0 |
               +--------+--------+--------+--------+--------+-----+--------+

Top non-repeatable levels by time:
     D:1: 1370 daAuts
     D:2: 663 daAuts
   Sewer: 568 daAuts
     D:3: 225 daAuts
